 Dungeon Crawl Stone Soup version 0.30-a0-723-gc1506a1cf0 (webtiles) character file.

Game seed: 16119374439411572783

22 ejparker the Caller (level 2, -5/19 HPs)
             Began as a Merfolk Summoner on Jan 28, 2023.
             Slain by a gnoll
             ... wielding a +0 spear
              (8 damage)
             ... on level 1 of the Dungeon.
             The game lasted 00:09:08 (1166 turns).

ejparker the Caller (Merfolk Summoner)              Turns: 1166, Time: 00:09:08

Health: -5/19      AC:  3    Str:  8    XL:     2   Next: 91%
Magic:  4/5        EV: 12    Int: 14    God:
Gold:   20         SH:  0    Dex: 14    Spells: 4/5 levels left

rFire   . . .      SeeInvis .    d - +0 dagger
rCold   . . .      Faith    .    (no shield)
rNeg    . . .      Spirit   .    a - +0 robe
rPois   .          Reflect  .    (no helmet)
rElec   .          Harm     .    (no cloak)
rCorr   .          Rampage  .    (no gloves)
Will    .....                    k - +0 pair of boots
Stlth   ++                       (no amulet)
HPRegen 0.23/turn                (no ring)
MPRegen 0.09/turn                (no ring)

@: no status effects
A: (nimble swimmer 2), mertail
a: no special abilities


You were on level 1 of the Dungeon.
You visited 1 branch of the dungeon, and saw 1 of its levels.

You collected 20 gold pieces.

Inventory:

Hand Weapons
 d - a +0 dagger (weapon)
Missiles
 e - 5 stones
Armour
 a - a +0 robe (worn)
 j - a +0 scale mail
 k - a +0 pair of boots (worn)
 l - a +0 robe
Scrolls
 c - a scroll of summoning {unknown}
 f - a scroll of identify {unknown}
 i - a scroll of fog {unknown}
 m - a scroll of vulnerability {unknown}
Potions
 b - a potion of magic
 g - 2 potions of curing {unknown}
 h - a potion of ambrosia {unknown}


   Skills:
 + Level 0.1 Short Blades
 + Level 2.7 Dodging
 + Level 2.2 Stealth
 + Level 2.1 Spellcasting
 + Level 4.6 Summonings


You had 4 spell levels left.
You knew the following spells:

 Your Spells              Type           Power      Damage    Failure   Level
a - Summon Small Mammal   Summ           56%        N/A       3%          1

Your spell library contained the following spells:

 Spells                   Type           Power      Damage    Failure   Level
 Call Imp                 Summ           14%        N/A       5%          2
 Call Canine Familiar     Summ           14%        N/A       11%         3
 Summon Guardian Golem    Hex/Summ       8%         N/A       26%         3
 Summon Lightning Spire   Summ/Air       8%         N/A       65%         4


Dungeon Overview and Level Annotations

Branches:
Dungeon (1/15)

Altars:


Innate Abilities, Weirdness & Mutations

((You are very nimble when in or above water. (Stealth+, EV+, Speed+++)))
Your lower body shifts to a powerful aquatic tail in water.


Message History

Orders for allies: a - Attack new target. p - Attack previous target. r - Retreat! s - Stop attacking. g - Guard the area. f - Follow me.
Anything else - Cancel.
Gang up on whom?
Press: ? - help, Dir - move target, f/p - bat
Aim: a bat (ally target) Attack!
The gnoll barely misses you. The bat hits you but does no damage.
You swap places.
The bat closely misses you. The bat hits you but does no damage.
The bat barely misses you.
The gnoll hits your quokka with a +0 spear!
Your quokka dies!
Your quokka's corpse disappears in a puff of smoke!
The bat hits you but does no damage.
You open the door.
A goblin comes into view. It is wielding a +0 club.
The goblin shouts!
The bat barely misses you. x2
The goblin hits you with a +0 club. The bat hits you but does no damage.
There is an open door here.
The bat hits you but does no damage. x2
You see here 12 gold pieces.
The goblin attacks as you move away! The goblin barely misses you.
The bat barely misses you. The goblin attacks as you move away!
The goblin hits you with a +0 club. The bat hits you but does no damage.
The goblin attacks as you move away! The goblin hits you with a +0 club.
* * * LOW HITPOINT WARNING * * *
The goblin attacks as you move away! The goblin closely misses you.
The bat closely misses you.
There is an open door, spattered with blood here.
The bat attacks as you move away! The bat hits you but does no damage.
The bat barely misses you. The bat hits you but does no damage.
The bat hits you.
* * * LOW HITPOINT WARNING * * *
You closely miss the bat. The bat misses you.
The bat hits you but does no damage.
The gnoll hits you from afar with a +0 spear!
You die...

#.....#.## #.....# #####...
#######.# ###...# ###. #.#
##.## #. ##'## #.# #. ##..$##
#.# ## ##.....## ##.# #
#.......## ##..# ##
#.........####...###########.
+........ggb@..........†.....
#.........####...###########.
##.......## ##...# ##
##.....## ###.# # ##...## #.#
# ##+# #.# # #.# #.# # #.#
#.# # ##.###########.# #


You could see a gnoll, a goblin and a bat.

Vanquished Creatures
  A bat (D:1)
  2 endoplasms (D:1)
  A giant cockroach (D:1)
  A goblin (D:1)
  A quokka (D:1)
  2 kobolds (D:1)
  A rat (D:1)
9 creatures vanquished.

Vanquished Creatures (collateral kills)
  A dart slug (D:1)
  A bat (D:1)
  An endoplasm (D:1)
  A hobgoblin (D:1)
  A kobold (D:1)
  A frilled lizard (D:1)
  A goblin (D:1)
  2 rats (D:1)
9 creatures vanquished.

Grand Total: 18 creatures vanquished

Notes
Turn   | Place    | Note
-------+----------+-------------------------------------------
     0 | D:1      | ejparker the Merfolk Summoner began the quest for the Orb.
     0 | D:1      | Reached XP level 1. HP: 13/13 MP: 3/3
   178 | D:1      | Reached XP level 2. HP: 17/19 MP: 3/5
  1166 | D:1      | Slain by a gnoll

Illustrated notes

Levels and vault maps discovered:
D:1:      lightli_arrival_statue_moat, layout_loops_corners,
          kennysheep_small_spiral

Action                     || total
---------------------------++-------
  Melee: Unarmed           ||     4
         Dagger            ||    42
         Punch             ||     1
   Cast: Summon Small Mamm ||    23
 Armour: Robe              ||    23
  Dodge: Dodged            ||    45

Table legend: (Time is in decaauts)
 A = Elapsed time spent in this place.
 B = Non-inter-level travel time spent in this place.
 C = Inter-level travel time spent in this place.
 D = Time resting spent in this place.
 E = Time spent auto-exploring this place.
 F = Levels seen in this place.
 G = Mean time per level.
                   A        B        C        D        E       F      G
               +--------+--------+--------+--------+--------+-----+--------+
         Total |   1165 |   1165 |      0 |    200 |    511 |   1 | 1165.0 |
       Dungeon |   1165 |   1165 |      0 |    200 |    511 |   1 | 1165.0 |
               +--------+--------+--------+--------+--------+-----+--------+

Top non-repeatable levels by time:
     D:1: 1165 daAuts
